 Dungeon Crawl Stone Soup version 0.21.1-1-g345015fe64 (webtiles) character file.

142 Norrik the Skirmisher (level 5, -2/52 HPs)
             Began as a Minotaur Monk on Mar 23, 2018.
             Slain by an orc priest
             ... wielding a +0 short sword
              (3 damage)
             ... on level 2 of the Dungeon.
             The game lasted 00:05:57 (1579 turns).

Norrik the Skirmisher (Minotaur Monk)               Turns: 1579, Time: 00:05:57

Health: -2/52      AC:  8    Str: 16    XL:     5   Next: 4%
Magic:  4/4        EV:  7    Int:  7    God:
Gold:   70         SH:  0    Dex: 13    Spells: 4/4 levels left

rFire    . . .     SeeInvis .   a - +0 spear
rCold    . . .     Gourm    +   (no shield)
rNeg     . . .     Faith    .   d - +0 chain mail
rPois    .         Spirit   .   (helmet restricted)
rElec    .         Reflect  .   (no cloak)
rCorr    .         Harm     .   (no gloves)
MR       .....                  (no boots)
Stlth    ..........             r - amulet of the gourmand
HPRegen  0.17/turn              (no ring)
MPRegen  0.09/turn              (no ring)

@: flying
A: retaliatory headbutt, horns 2
a: no special abilities


You were on level 2 of the Dungeon.
You were not hungry.

You visited 1 branch of the dungeon, and saw 3 of its levels.

You collected 70 gold pieces.

Inventory:

Hand Weapons
 a - a +0 spear (weapon)
 s - a +0 hand axe
Missiles
 e - 71 stones (quivered)
 i - 27 arrows
Armour
 b - a +0 robe
 d - a +0 chain mail (worn)
Jewellery
 r - an amulet of the gourmand (around neck)
 t - an uncursed amulet of magic regeneration
Scrolls
 g - 4 scrolls of teleportation
 h - 3 scrolls of identify
 j - 3 scrolls of amnesia
 l - 2 scrolls of enchant weapon {unknown}
 n - 2 scrolls of remove curse
 o - a scroll of noise {unknown}
Potions
 f - a potion of might
 m - a potion of magic {unknown}
 p - a potion of heal wounds {unknown}
 q - a potion of haste {unknown}
Comestibles
 c - 5 rations


   Skills:
 + Level 7.0 Fighting
 - Level 3.6 Polearms
 - Level 3.2 Dodging
 - Level 1.5 Stealth


You had 4 spell levels left.
You didn't know any spells.

Dungeon Overview and Level Annotations

Branches:
Dungeon (3/15)

Altars:
Nemelex Xobeh


Innate Abilities, Weirdness & Mutations

You reflexively headbutt those who attack you in melee.
You have a pair of horns on your head.


Message History

You are too injured to fight recklessly!
You hit the orc priest but do no damage.
The orc priest hits you but does no damage.
The orc priest invokes the aid of Beogh against you.
Pain shoots through your body!
* * * LOW HITPOINT WARNING * * *
You hit the orc priest but do no damage.
The orc priest begins to cast a cantrip, but forgets the words!
You hit the orc priest.
You headbutt the orc priest, but do no damage.
The orc priest is lightly wounded.
The orc priest hits you but does no damage.
The orc priest invokes the aid of Beogh against you.
Beogh smites you!
* * * LOW HITPOINT WARNING * * *
It was a potion of flight.
You feel very buoyant.
You fly up into the air.
The orc priest hits you with a short sword.
You die...

.....<.......##.##.#
#..........#.##.##.##
....##...#..........##
.##........).........##
.######..)............# .#
#...............# >#
#...............# .####
#.........o.....# ....#
#.........@.....## ..#.#
#)#.......o......#
....###.##..........#..#
.#...##.##.#######.....#
.#.#.##.##.# ###..####
.#.#.....#.# #.......#
...###.....### #.#.....#
....#####....## ##.......#
........#..#..###........#


You could see 2 orc priests.

Vanquished Creatures
  2 orc priests (D:2)
  2 adders (D:2)
  A dart slug (D:1)
  A leopard gecko (D:2)
  4 orcs
  6 bats
  A giant cockroach (D:2)
  13 goblins
  7 hobgoblins
  8 frilled lizards
  8 kobolds
  9 rats
62 creatures vanquished.

Notes
Turn   | Place    | Note
-------+----------+-------------------------------------------
     0 | D:1      | Norrik the Minotaur Monk began the quest for the Orb.
     0 | D:1      | Reached XP level 1. HP: 19/19 MP: 0/0
    93 | D:1      | Reached skill level 4 in Fighting
   169 | D:1      | Reached XP level 2. HP: 28/28 MP: 1/1
   653 | D:2      | Reached skill level 5 in Fighting
   670 | D:2      | Reached XP level 3. HP: 29/36 MP: 2/2
   909 | D:2      | Reached skill level 6 in Fighting
   909 | D:2      | Reached XP level 4. HP: 15/45 MP: 3/3
  1385 | D:2      | Found a sparkling altar of Nemelex Xobeh.
  1490 | D:3      | Reached XP level 5. HP: 51/51 MP: 4/4
  1542 | D:3      | Reached skill level 7 in Fighting
  1578 | D:2      | HP: 1/52 [orc priest/divine providence (10)]
  1579 | D:2      | Slain by an orc priest

Skill      XL: |  1  2  3  4  5 |
---------------+----------------+-----
Fighting       | 4 5 6 7 |  7.0
Polearms       | |  3.6
Dodging        | |  3.2
Stealth        | |  1.5

Action                   |  1- 3 |  4- 6 || total
-------------------------+-------+-------++-------
Melee: Spear             |   127 |    27 ||   154
       Headbutt          |    14 |     4 ||    18
Throw: Stone             |       |     3 ||     3
  Use: Scroll            |       |     4 ||     4
       Potion            |       |     1 ||     1
  Eat: Chunk             |       |     2 ||     2
Armor: Chain mail        |    62 |     5 ||    67
Dodge: Dodged            |    35 |    13 ||    48
